 Dungeon Crawl Stone Soup version 0.31-a0-1612-g4aaf141004 (webtiles) character file.

Game seed: 555926071286170532

50 dorian the Covered (level 3, -1/31 HPs)
             Began as an Armataur Berserker on Jan 9, 2024.
             Was a Follower of Trog.
             Slain by Terence
             ... wielding a +0 mace
              (8 damage)
             ... on level 3 of the Dungeon.
             The game lasted 00:01:17 (1576 turns).

dorian the Covered (Armataur Berserker)             Turns: 1576, Time: 00:01:17

Health: -1/31      AC:  4    Str: 24    XL:     3   Next: 55%
Magic:  3/3        EV:  9    Int:  7    God:    Trog [*.....]
Gold:   60         SH:  0    Dex:  9    Spells: 2/2 levels left

rFire   . . .        a - +0 mace
rCold   . . .        (no shield)
rNeg    . . .        b - +0 animal skin
rPois   .            (no helmet)
rElec   .            (no cloak)
rCorr   .            (no gloves)
SInv    .            (no barding)
Will    .....        f - amulet of faith
Stlth   +            (no ring)
HPRegen 0.25/turn    (no ring)
MPRegen 0.08/turn

%: roll, faith
@: on berserk cooldown, slowed, very slow
A: large, deformed body, tough skin 3, armoured tail, roll 1
a: Renounce Religion, Berserk


You were on level 3 of the Dungeon.
You worshipped Trog.
Trog was aware of your devotion.
You visited 1 branch of the dungeon, and saw 3 of its levels.

You collected 60 gold pieces.

Inventory:

Hand Weapons
 a - a +0 mace (weapon)
Armour
 b - a +0 animal skin (worn)
Jewellery
 f - an amulet of faith (around neck)
 j - an amulet of magic regeneration
Scrolls
 c - a scroll of enchant armour {unknown}
 g - 2 scrolls of amnesia {unknown}
Potions
 d - a potion of curing
 h - a potion of cancellation {unknown}
 i - a potion of mutation {unknown}


   Skills:
 + Level 3.3 Fighting
 + Level 3.2 Maces & Flails
 + Level 3.3 Armour
 - Level 1.3 Dodging


You had 2 spell levels left.
You didn't know any spells.
Your spell library was empty.

Dungeon Overview and Level Annotations

Branches:
Dungeon (3/15)

Altars:

Annotations:
D:3 Terence


Innate Abilities, Weirdness & Mutations

Armour fits poorly on your strangely shaped body.
You have extremely tough skin. (AC +3)
You have a long armoured tail.
You regenerate magic when rolling toward enemies. (Rampage MPRegen)


Message History

You roll towards Terence!
The orc shouts!
You hear a shout!
You roll towards Terence!
You barely miss Terence. Terence barely misses you.
Terence hits you with a +0 mace.
You hit Terence but do no damage. Terence hits you with a +0 mace.
A ribbon worm comes into view.
Terence hits you with a +0 mace.
You hit Terence.
Terence is lightly wounded.
Terence hits you with a +0 mace.
A kobold comes into view. It is wielding a +0 club.
Terence hits you with a +0 mace!
* * * LOW HITPOINT WARNING * * *
You are too injured to fight recklessly!
You are too injured to fight recklessly!
Unknown command.
You're still recovering from your berserk rage.
It was a potion of curing.
You feel better. Terence hits you with a +0 mace.
Terence hits you with a +0 mace!
* * * LOW HITPOINT WARNING * * *
It was a potion of heal wounds.
You feel much better. Terence barely misses you.
You barely miss Terence.
Terence is lightly wounded.
Terence hits you with a +0 mace. x2
You sock Terence!
Terence is heavily wounded.
Terence closely misses you. x2
You hit Terence.
Terence is severely wounded.
Terence hits you with a +0 mace! Terence completely misses you.
You barely miss Terence.
Terence is severely wounded.
Terence hits you with a +0 mace!
* * * LOW HITPOINT WARNING * * *
You barely miss Terence.
Terence is severely wounded.
Terence misses you. Terence hits you with a +0 mace!
You die...
Terence says, "Time to find some more victims."

#....####.#
###..# #.)#
#..#
#..######
#...†.).#
#.#####.##..
#.#####K....
#...@@wo....
#############


You could see Terence, a ribbon worm, an orc and a kobold.

Vanquished Creatures
  2 adders
  A dart slug (D:2)
  A ribbon worm (D:2)
  5 endoplasms
  2 giant cockroaches (D:2)
  3 goblins
  2 jackals (D:2)
  2 kobolds
  5 ball pythons (D:2)
  A bat (D:2)
  A frilled lizard (D:3)
  A rat (D:2)
26 creatures vanquished.

Notes
Turn   | Place    | Note
-------+----------+-------------------------------------------
     0 | D:1      | dorian the Armataur Berserker began the quest for the Orb.
     0 | D:1      | Reached XP level 1. HP: 18/18 MP: 1/1
     6 | D:1      | Noticed a komodo dragon
     6 | D:1      | Noticed a tyrant leech
     6 | D:1      | Noticed an imperial myrmidon
     7 | D:1      | Noticed a hell rat
     7 | D:1      | Noticed a yaktaur
   707 | D:2      | Reached XP level 2. HP: 18/25 MP: 2/2
  1168 | D:2      | Reached XP level 3. HP: 28/31 MP: 3/3
  1565 | D:3      | Noticed Terence
  1576 | D:3      | Slain by Terence

Illustrated notes

Levels and vault maps discovered:
D:1:      onia_arrival_zoo_common, layout_basic, amcnicky_mini_pool_small,
          minmay_door_square, nicolae_kite_square_tiling_tiny
D:2:      layout_basic, ebering_dispersal_statue_hall, st_stairs_7
D:3:      layout_loops_ring, nicolae_sif_muna_condensation,
          kennysheep_generic_room_7, uniq_terence, uniq_sigmund

Skill      XL: |  1  2 |
---------------+-------+-----
Maces & Flails | 3 |  3.2
Fighting       | 3 |  3.3
Armour         | 3 |  3.3
Dodging        | |  1.3

Action                     || total
---------------------------++-------
  Melee: Mace              ||    56
         Tailslap          ||     6
         Punch             ||     2
 Invoke: Berserk           ||     1
    Use: Potion            ||     2
 Armour: Animal skin       ||    37
  Dodge: Dodged            ||    19

Table legend: (Time is in decaauts)
 A = Elapsed time spent in this place.
 B = Non-inter-level travel time spent in this place.
 C = Inter-level travel time spent in this place.
 D = Time resting spent in this place.
 E = Time spent auto-exploring this place.
 F = Levels seen in this place.
 G = Mean time per level.
                   A        B        C        D        E       F      G
               +--------+--------+--------+--------+--------+-----+--------+
         Total |   1597 |   1563 |     34 |      2 |   1397 |   3 |  532.3 |
       Dungeon |   1597 |   1563 |     34 |      2 |   1397 |   3 |  532.3 |
               +--------+--------+--------+--------+--------+-----+--------+

Top non-repeatable levels by time:
     D:2: 849 daAuts
     D:1: 697 daAuts
     D:3: 50 daAuts
